 Dungeon Crawl Stone Soup version 0.32-a0-995-gb4a59205af (webtiles) character file.

Game seed: 8573197244028075940

574496 Dumalacath the Storm Dragon (level 25, -7/166 HPs)
             Began as a Purple Draconian Conjurer on Apr 21, 2024.
             Was the Champion of Vehumet.
             Killed from afar by a yellow draconian annihilator (65 damage)
             ... with an iron shot
             ... led by a yellow draconian annihilator
             ... on level 5 of the Realm of Zot on Apr 22, 2024.
             The game lasted 07:08:20 (124436 turns).

Dumalacath the Storm Dragon (DrCj)                Turns: 124436, Time: 07:08:20

Health: -7/166     AC: 21    Str: 10    XL:     25   Next: 74%
Magic:  2/45       EV: 16    Int: 34    God:    Vehumet [******]
Gold:   4453       SH: 10    Dex: 12    Spells: 3/61 levels left

rFire   + + +        t - staff of air
rCold   + + .        w - +3 buckler {rC+ rF+}
rNeg    + . .        (body armour unavailable)
rPois   +            (helmet restricted)
rElec   +            f - +2 cloak {Stlth+}
rCorr   .            F - +2 pair of gloves
SInv    .            C - +2 pair of boots {Fly}
Will    ++++.        h - amulet "Kill" {Acrobat rElec Will+ Stlth-}
Stlth   +            j - ring of Coobruag {rPois rF++ rC+ rN+ Stlth-}
HPRegen 0.47/turn    x - +6 ring of intelligence
MPRegen 0.29/turn

%: acrobat
@: flying
A: nullifying breath, AC +12, unfitting armour, cold-blooded
}: 3/15 runes: decaying, serpentine, silver
a: Nullifying Breath, Renounce Religion


You were on level 5 of the Realm of Zot.
You worshipped Vehumet.
Vehumet was exalted by your worship.
You visited 8 branches of the dungeon, and saw 44 of its levels.
You also visited: Sewer, Bailey, Gauntlet, Ice Cave and Volcano.

You collected 7917 gold pieces.
You spent 3464 gold pieces at shops.

Inventory:

Armour
 f - a +2 cloak of stealth (worn)
 w - a +3 buckler of resistance (worn)
 C - a +2 pair of boots of flying (worn)
 F - a +2 pair of gloves (worn)
 J - a scarf of resistance
Magical Staves
 t - a staff of air (weapon)
Jewellery
 h - the amulet "Kill" (around neck) {Acrobat rElec Will+ Stlth-}
   (You bought it in a shop on level 2 of the Orcish Mines)

   [amulet of the acrobat]

   Acrobat:   It increases your evasion while moving and waiting.
   rElec:     It insulates you from electricity.
   Will+:     It increases your willpower.
   Stlth-:    It makes you less stealthy.
 j - the ring of Coobruag (left hand) {rPois rF++ rC+ rN+ Stlth-}
   (You bought it in a shop on level 2 of the Orcish Mines)

   [ring of protection from cold]

   rF++:      It greatly protects you from fire.
   rC+:       It protects you from cold.
   rPois:     It protects you from poison.
   rN+:       It protects you from negative energy.
   Stlth-:    It makes you less stealthy.
 k - a +5 ring of evasion
 m - a ring of resist corrosion
 o - an amulet of magic regeneration
 v - a ring of wizardry
 x - a +6 ring of intelligence (right hand)
 A - a ring of magical power
 L - an amulet of guardian spirit
 V - a ring of willpower
 X - a ring of positive energy
Wands
 c - a wand of digging (20)
 u - a wand of iceblast (36)
 z - a wand of flame (124)
 G - a wand of acid (30)
 H - a wand of polymorph (56)
 M - a wand of mindburst (34)
 O - a wand of paralysis (33)
Scrolls
 b - 22 scrolls of identify
 e - 4 scrolls of fog
 p - 5 scrolls of amnesia
 I - 9 scrolls of enchant weapon
 K - a scroll of revelation
 N - 2 scrolls of silence
 R - 20 scrolls of teleportation
 T - 4 scrolls of fear
 W - 2 scrolls of blinking
 Y - 3 scrolls of summoning
Potions
 a - 6 potions of magic
 d - 2 potions of invisibility
 g - 21 potions of curing
 i - 9 potions of heal wounds
 l - 10 potions of lignification
 n - 9 potions of enlightenment
 q - 5 potions of ambrosia
 r - 3 potions of cancellation
 s - 12 potions of attraction
 B - 6 potions of berserk rage
 E - 5 potions of brilliance
 P - 5 potions of haste
 S - 5 potions of resistance
 U - 9 potions of might
Miscellaneous
 y - a phial of floods
 D - a lightning rod (4/4)
 Q - a sack of spiders
 Z - a phantom mirror


   Skills:
 - Level 2.0 Fighting
 - Level 0.2(1.5) Maces & Flails
 - Level 2.6 Staves
 * Level 12.9 Dodging
 - Level 3.4 Stealth
 - Level 13.6 Shields
 - Level 18.5 Spellcasting
 * Level 25.5 Conjurations
 - Level 7.3 Hexes
 - Level 14.1 Fire Magic
 O Level 27 Air Magic
 - Level 7.4 Alchemy
 - Level 1.2 Evocations


You had 3 spell levels left.
You knew the following spells:

 Your Spells              Type           Power      Damage    Failure   Level
a - Chain Lightning       Conj/Air       71%        3d95      1%          9
b - Swiftness             Air            100%       N/A       0%          3
c - Static Discharge      Conj/Air       100%       3-8/arc   0%          2
d - Mercury Vapours       Alch/Air       100%       N/A       0%          2
e - Ignite Poison         Fire/Alch      81%        N/A       1%          4
g - Maxwell's Capacitive  Air            72%        ∞         1%          8
h - Arcjolt               Conj/Air       71%        1d81      0%          5
j - Conjure Ball Lightni  Conj/Air       71%        3x3d26    0%          6
k - Tukima's Dance        Hex            69%        N/A       1%          3
l - Irradiate             Conj/Alch      48%        3d27      1%          5
m - Yara's Violent Unrav  Hex/Alch       34%        3d14      1%          5
n - Plasma Beam           Fire/Air       65%        2x1d81    1%          6

Your spell library contained the following spells:

 Spells                   Type           Power      Damage    Failure   Level
 Foxfire                  Conj/Fire      100%       2x1d9     0%          1
 Magic Dart               Conj           100%       1d8       0%          1
 Shock                    Conj/Air       100%       1d9       0%          1
 Sting                    Conj/Alch      100%       1d9       0%          1
 Momentum Strike          Conj/Tloc      100%       3d10      0%          2
 Searing Ray              Conj           100%       2d8       0%          2
 Hailstorm                Conj/Ice       87%        3d14      0%          3
 Apportation              Tloc           62%        N/A       1%          1
 Freeze                   Ice            100%       1d10      1%          1
 Necrotise                Necr           100%       1d9       1%          1
 Summon Small Mammal      Summ           100%       N/A       1%          1
 Blink                    Tloc           62%        N/A       1%          2
 Cigotuvi's Dreadful Rot  Necr/Alch/Air  100%       N/A       1%          2
 Jinxbite                 Hex            100%       N/A       1%          2
 Lesser Beckoning         Tloc           62%        N/A       1%          2
 Frozen Ramparts          Ice            62%        1d10      1%          3
 Inner Flame              Hex/Fire       81%        N/A       1%          3
 Volatile Blastmotes      Fire/Tloc      100%       2d18      1%          3
 Call Canine Familiar     Summ           31%        N/A       4%          3
 Maxwell's Portable Pile  Tloc           31%        2d(8-22)  4%          3
 Teleport Other           Tloc           31%        N/A       4%          3
 Airstrike                Air            72%        2d(11-27) 0%          4
 Flame Wave               Conj/Fire      100%       2d21      0%          4
 Fulminant Prism          Conj/Alch      48%        3d21      0%          4
 Brom's Barrelling Bould  Conj/Erth      87%        2d10      1%          4
 Iskenderun's Mystic Bla  Conj/Tloc      87%        2d17      (+2d91%     4
 Sticky Flame             Fire/Alch      81%        2d13      1%          4
 Summon Blazeheart Golem  Fire/Summ      68%        N/A       1%          4
 Summon Lightning Spire   Summ/Air       100%       N/A       1%          4
 Vhi's Electric Charge    Tloc/Air       100%       N/A       1%          4
 Bombard                  Conj/Erth      43%        9d7       1%          6
 Starburst                Conj/Fire      52%        6d14      1%          6
 Leda's Liquefaction      Alch/Erth      27%        N/A       3%          4
 Petrify                  Alch/Erth      54%        N/A       3%          4
 Fulsome Fusillade        Conj/Alch      48%        (3-5)d14  3%          8
 Ignition                 Fire           45%        3d13      7%          8
 Summon Mana Viper        Hex/Summ       54%        N/A       9%          5
 Lee's Rapid Deconstruct  Erth           15%        3d10*     11%         5
 Fire Storm               Conj/Fire      52%        8d13      11%         9
 Dispel Undead            Necr           31%        3d14      14%         4
 Martyr's Knell           Necr/Summ      31%        N/A       14%         4
 Passage of Golubria      Tloc           31%        N/A       14%         4
 Summon Forest            Summ/Tloc      15%        N/A       36%         5
 Sculpt Simulacrum        Ice/Alch       27%        N/A       43%         6
 Permafrost Eruption      Ice/Erth       15%        2x4d4     45%         6
 Enfeeble                 Hex            34%        N/A       50%         7
 Gell's Gavotte           Tloc           15%        2d(18-27) 91%         6
 Summon Cactus Giant      Summ           15%        N/A       91%         6
 Ozocubu's Refrigeration  Ice            15%        4d10      94%         7
 Seismic Cannonade        Alch/Erth      27%        6d10      95%         7
 Haunt                    Necr/Summ      15%        N/A       100%        7
 Rimeblight               Ice/Necr       15%        2d4       (prima100%   7
 Borgnjor's Revivificati  Necr           15%        N/A       100%        8
 Death's Door             Necr           15%        N/A       100%        9
 Polar Vortex             Ice            15%        12d2*     100%        9
 Shatter                  Erth           15%        3d15*     100%        9


Dungeon Overview and Level Annotations

Branches:
Dungeon (15/15)            Temple (0/1) D:4            Lair (5/5) D:10
  Swamp (4/4) Lair:2        Snake (4/4) Lair:2        Slime (0/5) Lair:4
    Orc (2/2) D:12            Elf (0/3) Orc:2        Vaults (5/5) D:13
  Crypt (0/3) Vaults:2     Depths (4/4) D:15            Zot (5/5) Depths:4
  Sewer (visited)          Bailey (visited)           IceCv (visited)
Volcano (visited)         Gauntlet (visited)

Altars:
Cheibriados
Gozag
Kikubaaqudgha
Nemelex Xobeh
Okawaru
Sif Muna
Trog
Vehumet
Xom
The Shining One
Beogh

Shops:
D:12 :   Orc:2 [?(=   Snake:3 ?(   Vaults:1 :   Vaults:2 *   Depths:1 :(((
Depths:2 ?   Depths:3 *

Portals:
Hell: Depths:1 Depths:2 Depths:3 Depths:4
Abyss: Depths:3
Pandemonium: Depths:2 Depths:4
Ziggurat: Depths:2
Trove: D:14 (show slimy rune of Zot)

Annotations:
D:15 2 transporters, Omier's ghost, adept NaHu
Vaults:1 1 runed translucent door, Hogocytz's ghost, adept MfIE
Vaults:3 1 runed translucent door
Depths:2 3 runed translucent doors, Iqust's ghost, master MfRe
Zot:4 3 runed translucent doors, Foeck's ghost, veteran TrCK


Innate Abilities, Weirdness & Mutations

You can breathe blasts of antimagic.
Your rich purple scales are hard. (AC +12)
You cannot fit into any form of body armour.
You are cold-blooded and may be slowed by cold attacks.


Message History

The bolt of lightning hits you! You resist.
* * * LOW HITPOINT WARNING * * *
The bolt of lightning hits you! You resist.
* * * LOW HITPOINT WARNING * * *
The bolt of lightning hits the black draconian knight.
The black draconian knight completely resists.
The bolt of lightning hits the black draconian knight.
The black draconian knight completely resists.
You feel much better.
The insufficient charge dissipates harmlessly.
You block the black draconian knight's attack.
You feel much better.
The black draconian knight hits you with a +0 great mace!
* * * LOW HITPOINT WARNING * * *
The yellow draconian annihilator gestures wildly while chanting.
The yellow draconian annihilator blinks!
Casting: Maxwell's Capacitive Coupling (mildly dangerous; 1% risk of failure)
Confirm with . or Enter, or press ? or * to list all spells.
You feel a surge of power! Lightning arcs from your hands!
The bolt of lightning hits the black draconian knight!!!!
The black draconian knight resists.
The black draconian knight is severely wounded.
The bolt of lightning hits you! You resist.
* * * LOW HITPOINT WARNING * * *
The black draconian knight closely misses you.
Casting: Chain Lightning (dangerous; 1% risk of failure)
Confirm with . or Enter, or press ? or * to list all spells.
You feel a surge of power! Lightning arcs from your hands!
The bolt of lightning hits the black draconian knight!!!!
The black draconian knight resists.
You kill the black draconian knight!
Vehumet accepts your kill.
You feel your power returning. The bolt of lightning hits you. You resist.
* * * LOW HITPOINT WARNING * * *
You start resting.
A yellow draconian annihilator is nearby!
You feel much better.
The yellow draconian annihilator gestures at you while chanting.
The iron shot hits you!!!
You die...

#.# # .....
#.#.#.#
###.......
##).).#
#####..d##.d...
##q.....## #.#
#)#...###
#@##.## ####.#
.## #. #. .# .


You could see a yellow draconian annihilator.

Vanquished Creatures
  3 ancient liches
  2 dread liches
  Mara (Depths:2)
  A juggernaut (Depths:3)
  Bai Suzhen (Swamp:4)
  A curse toe (Zot:1)
  the Lernaean hydra (Swamp:3)
  A caustic shrike (Depths:3)
  6 golden dragons
  A bone dragon (Depths:4)
  2 electric golems
  2 hellephants (Depths:4)
  Jorgrun (Orc:2)
  15 tentacled monstrosities
  A walking crystal tome (Depths:2)
  4 titans
  5 liches
  Asterion (Depths:1)
  Frances (Swamp:2)
  7 sphinxes
  4 walking frostbound tomes
  4 acid blobs (Zot:1)
  8 quicksilver dragons
  An ancient champion (Vaults:2)
  6 death cobs
  The ghost of Dumalacath the Wrestler, an adept TrFi of Hepliaklqana (Snake:4)
  A thorn hunter (Swamp:4)
  8 tengu reavers
  5 draconian monks
  Roxanne (D:15)
  3 shadow dragons
  9 nagarajas
  Aizul (Snake:4)
  15 storm dragons
  8 fire giants
  11 draconian knights
  6 protean progenitors
  4 draconian shifters
  An iron dragon (Vaults:5)
  8 draconian scorchers
  19 vault wardens
  A deep elf sorcerer (Vaults:4)
  16 ironbound preservers
  14 frost giants
  5 orc warlords
  The ghost of hotsoup the Covert, a journeyman NaCj of Sif Muna (Snake:2)
  6 draconian stormcallers
  A ghost moth (Zot:3)
  5 spriggan defenders
  11 stone giants
  2 formless jellyfish
  7 draconian annihilators
  16 ironbound thunderhulks
  3 deep elf death magi (Vaults:5)
  Nessos (D:14)
  2 vampire knights
  23 very ugly things
  3 deep elf demonologists (Vaults:5)
  10 green draconians
  The ghost of AwFulAwFulPlayer the Marksdemigod, a journeyman DgHu (Lair:3)
  10 black draconians
  18 yellow draconians
  3 bunyips
  An eleionoma (Swamp:3)
  A minotaur (Gauntlet)
  6 war gargoyles
  5 spark wasps
  A wendigo (Depths:3)
  14 red draconians
  14 dire elephants
  10 purple draconians
  A deep elf annihilator (Vaults:5)
  3 crystal guardians
  5 white draconians
  Snorg (Lair:4)
  A green death (Depths:2)
  12 ettins
  A blizzard demon (Gauntlet)
  3 fire dragons
  A quicksilver dragon zombie (Vaults:5)
  10 yaktaur captains
  Josephine (Orc:2)
  3 rakshasas
  6 entropy weavers
  37 vault guards
  11 ice dragons
  5 spriggan air magi
  2 ghost crabs
  4 salamander tyrants
  3 peacekeepers
  5 great orbs of eyes
  A caustic shrike simulacrum (Depths:3)
  24 hydras
  13 anacondas
  3 ogre magi
  A death knight (D:13)
  Erica (D:10)
  12 alligators
  7 ironbound frosthearts
  10 centaur warriors
  An alligator snapping turtle (Snake:4)
  9 two-headed ogres
  6 deep troll shamans
  4 death yaks (Lair:4)
  6 boulder beetles
  9 hell hogs (Depths:4)
  12 deep troll earth magi
  3 tengu warriors
  An orc high priest (Orc:2)
  2 vampire magi
  11 shock serpents
  14 naga sharpshooters
  16 naga warriors
  An occultist (Depths:3)
  2 spectral dire elephants (Lair:5)
  5 spriggan berserkers
  2 soul eaters (Depths:2)
  8 goliath frogs
  6 iron trolls
  A shadow wraith (Vaults:5)
  Lodul (D:14)
  4 salamander mystics
  2 spectral death yaks (Lair:5)
  A spectral anaconda (Lair:5)
  A fire crab (Gauntlet)
  4 skeletal warriors
  5 sea snakes (Snake:4)
  12 swamp dragons
  57 deep trolls
  A skyshark (Lair:4)
  5 mana vipers
  A glowing orange brain (shapeshifter) (Depths:3)
  5 spriggan druids
  A deep troll (shapeshifter) (Vaults:4)
  16 ironbound convokers
  An obsidian statue (Lair:5)
  6 lindwurms
  8 necromancers
  17 bog bodies
  An anaconda skeleton (Volcano)
  3 glowing orange brains
  4 naga ritualists
  6 arcanists
  7 phantasmal warriors
  6 deep elf pyromancers
  20 orc knights
  4 harpies (Vaults:1)
  3 orc sorcerers
  4 oklob plants
  12 salamanders
  39 ugly things
  3 manticores
  Maurice (D:10)
  9 will-o-the-wisps
  A sphinx simulacrum (Depths:3)
  5 cyclopes
  An elephant (shapeshifter) (Vaults:5)
  29 black mambas
  A dire elephant zombie (Lair:5)
  4 meliai (D:15)
  19 moths of wrath
  2 ice statues
  7 kobold blastminers
  A water nymph (shapeshifter) (Depths:2)
  9 elephants
  24 vault sentinels
  15 naga magi
  5 gargoyles
  8 guardian serpents
  Maggie (D:6)
  A storm dragon simulacrum (Vaults:5)
  13 cane toads
  A dire elephant skeleton (Lair:5)
  2 minotaur zombies (Gauntlet)
  3 freezing wraiths
  A kobold demonologist (D:10)
  An unseen horror (D:11)
  24 yaktaurs
  4 rime drakes
  7 komodo dragons
  An elf skeleton (Vaults:5)
  4 tengu conjurers
  3 ice devils (Gauntlet)
  6 trolls
  A bloated husk (Swamp:1)
  A guardian mummy (D:14)
  24 hornets
  2 polar bears (Lair:2)
  A polar bear (shapeshifter) (D:13)
  2 tarantellas
  A wolf spider simulacrum (Gauntlet)
  A jumping spider (shapeshifter) (Depths:2)
  A shadow dragon simulacrum (Depths:3)
  3 glass eyes
  3 harpy skeletons (Volcano)
  7 tyrant leeches
  A hornet (shapeshifter) (D:15)
  A snapping turtle (Snake:4)
  16 blink frogs
  A frost giant simulacrum (Depths:3)
  5 dream sheep (Lair:4)
  27 slime creatures
  6 centaur simulacra (Gauntlet)
  A spriggan (shapeshifter) (D:14)
  A yak (shapeshifter) (D:14)
  A vampire (D:13)
  A water elemental (D:11)
  53 yaks
  A fire elemental (D:12)
  7 wraiths
  21 spriggans
  3 fire bats (Gauntlet)
  6 basilisks
  5 wyverns
  7 steam dragons (Lair:5)
  6 vampire mosquitoes
  A warg (Orc:1)
  A human simulacrum (Vaults:5)
  7 redbacks
  12 swamp worms
  2 harpy simulacra (IceCv)
  A death yak simulacrum (IceCv)
  41 nagas
  3 acid dragons
  16 water moccasins
  A hydra simulacrum (IceCv)
  2 hell hounds (Gauntlet)
  10 swamp drakes
  2 ice beasts
  40 orc warriors
  A sky beast (D:7)
  3 elephant zombies (Lair:5)
  11 ogres
  6 black bears
  4 laughing skulls
  7 wolves
  4 boggarts (Lair:4)
  A phantom (D:7)
  13 centaurs
  A kobold brigand (D:9)
  A weeping skull (Volcano)
  12 bullfrogs
  6 cane toad simulacra
  A gnoll sergeant (D:10)
  A glowing shapeshifter simulacrum (Depths:3)
  7 two-headed ogre simulacra (IceCv)
  3 scorpions
  3 wights (D:8)
  A hornet simulacrum (Gauntlet)
  14 killer bees
  4 elephant simulacra
  5 howler monkeys
  2 spriggan skeletons (Volcano)
  6 electric eels
  2 bombardier beetles
  2 lava snakes (D:12)
  24 jellies
  4 hounds
  18 orc priests
  4 sleepcaps
  Terence (D:2)
  4 iguanas
  18 orc wizards
  6 troll simulacra (IceCv)
  2 polar bear simulacra (IceCv)
  8 spriggan simulacra (IceCv)
  2 wolf simulacra (IceCv)
  8 adders
  6 gnolls
  A river rat (Sewer)
  5 naga simulacra (IceCv)
  A shadow imp (D:7)
  6 white imps
  An ufetubus (IceCv)
  5 dart slugs
  A ribbon worm (Sewer)
  89 orcs
  8 endoplasms
  2 giant cockroaches
  7 goblins
  10 hobgoblins
  4 jackals (D:1)
  31 kobolds
  6 quokkas
  12 ball pythons
  6 bats
  5 frilled lizards
  9 rats
  10 aspiring fleshes
  A foxfire (Swamp:3)
1973 creatures vanquished.

Vanquished Creatures (collateral kills)
  2 two-headed ogres
  4 ogres (D:14)
  3 orcs (D:12)
  A ball lightning (Depths:4)
10 creatures vanquished.

Vanquished Creatures (others)
  A satyr (Zot:4)
  A dancing weapon (D:14)
  A scorpion (D:7)
  A howler monkey (D:7)
  A bombardier beetle (D:7)
  1149 ball lightnings
  18 foxfires
  80 fulminant prisms
1252 creatures vanquished.

Grand Total: 3235 creatures vanquished

Notes
Turn   | Place    | Note
-------+----------+-------------------------------------------
     0 | D:1      | Dumalacath the Draconian Conjurer began the quest for the
                  | Orb.
     0 | D:1      | Reached XP level 1. HP: 14/14 MP: 3/3
   224 | D:1      | Reached XP level 2. HP: 20/20 MP: 3/5
  1025 | D:1      | Reached XP level 3. HP: 26/26 MP: 1/6
  1028 | D:1      | Learned a level 2 spell: Searing Ray
  1226 | D:2      | Noticed Terence
  1513 | D:2      | Killed Terence
  1514 | D:2      | Reached skill level 5 in Conjurations
  1514 | D:2      | Reached XP level 4. HP: 25/33 MP: 1/7
  1596 | D:2      | Found a faded altar of an unknown god.
  2882 | D:3      | Found a radiant altar of Vehumet.
  2886 | D:3      | Became a worshipper of Vehumet
  2901 | D:3      | Reached XP level 5. HP: 38/38 MP: 3/9
  3284 | D:4      | Found a staircase to the Ecumenical Temple.
  3289 | D:4      | Found a glowing drain.
  3298 | Sewer    | Entered a sewer
  4028 | D:4      | Found a roughly hewn altar of Beogh.
  4031 | D:4      | Reached * piety under Vehumet
  4031 | D:4      | Offered knowledge of Shock by Vehumet.
  4032 | D:4      | Reached skill level 1 in Staves
  4035 | D:4      | Reached XP level 6. HP: 46/46 MP: 2/11
  4683 | D:5      | Entered Level 5 of the Dungeon
  4706 | D:5      | Found an opulent altar of Gozag.
  5030 | D:5      | Noticed a water moccasin
  5040 | D:5      | Killed a water moccasin
  5041 | D:5      | Your scales start taking on a rich purple colour.
  5041 | D:5      | Reached skill level 5 in Spellcasting
  5041 | D:5      | Reached XP level 7. HP: 43/51 MP: 1/15
  5559 | D:5      | Found a bloodstained altar of Trog.
  5879 | D:6      | Noticed Maggie
  5905 | D:6      | Killed Maggie
  5906 | D:6      | Reached skill level 1 in Air Magic
  5906 | D:6      | Reached XP level 8. HP: 20/58 MP: 13/18
  6133 | D:6      | Reached skill level 2 in Air Magic
  6232 | D:6      | Offered knowledge of Static Discharge by Vehumet.
  6299 | D:6      | Learned a level 2 spell: Static Discharge
  6306 | D:6      | Reached ** piety under Vehumet
  6448 | D:5      | Reached skill level 3 in Air Magic
  6592 | D:6      | Reached XP level 9. HP: 43/63 MP: 8/21
  6601 | D:6      | Reached skill level 1 in Fighting
  6601 | D:6      | Reached skill level 4 in Air Magic
  6890 | D:6      | Found an iron altar of Okawaru.
  6980 | D:6      | Found a glowing golden altar of the Shining One.
  7560 | D:7      | Found a snail-covered altar of Cheibriados.
  8043 | D:7      | Reached skill level 1 in Evocations
  8205 | D:7      | Reached skill level 5 in Air Magic
  8263 | D:7      | Found a shimmering altar of Xom.
 10497 | D:8      | Found a flagged portal.
 10546 | D:8      | Noticed a troll
 10556 | D:8      | Killed a troll
 10557 | D:8      | Reached XP level 10. HP: 73/73 MP: 13/23
 10626 | Bailey   | Entered a bailey
 11310 | Bailey   | Reached skill level 10 in Conjurations
 11715 | Bailey   | Reached skill level 10 in Spellcasting
 13432 | D:9      | Reached skill level 6 in Air Magic
 13661 | D:9      | Identified the +7 ring mail of Past Mistakes {rF+ rCorr
                  | Stlth+}
 13775 | D:9      | Offered knowledge of Mercury Vapours by Vehumet.
 13827 | D:9      | Learned a level 2 spell: Mercury Vapours
 14062 | D:9      | Reached skill level 1 in Alchemy
 14160 | D:9      | Reached *** piety under Vehumet
 14161 | D:9      | Reached skill level 7 in Air Magic
 14376 | D:9      | Offered knowledge of Ignite Poison by Vehumet.
 14519 | D:9      | Learned a level 4 spell: Ignite Poison
 14965 | D:9      | Learned a level 4 spell: Fulminant Prism
 15069 | D:10     | Entered Level 10 of the Dungeon
 15104 | D:10     | Reached skill level 1 in Fire Magic
 15104 | D:10     | Reached XP level 11. HP: 79/79 MP: 18/26
 15168 | D:10     | Noticed a two-headed ogre
 15169 | D:10     | Noticed Maurice
 15179 | D:10     | Killed a two-headed ogre
 15187 | D:10     | Killed Maurice
 15335 | D:10     | Found an ancient bone altar of Kikubaaqudgha.
 15465 | D:10     | Noticed a tengu warrior
 15580 | D:10     | Found a staircase to the Lair.
 15794 | D:10     | Noticed Erica
 15799 | D:10     | Killed Erica
 15859 | D:10     | Found a sparkling altar of Nemelex Xobeh.
 15871 | D:10     | Paralysed by a hornet for 1 turns
 16000 | D:10     | Killed a tengu warrior
 16200 | D:10     | Reached **** piety under Vehumet
 16545 | D:10     | Learned a level 4 spell: Iskenderun's Mystic Blast
 16551 | D:10     | Learned a level 5 spell: Arcjolt
 16618 | D:11     | Offered knowledge of Stone Arrow by Vehumet.
 17953 | D:12     | Noticed a deep elf pyromancer
 17959 | D:11     | Killed a deep elf pyromancer
 17960 | D:11     | Reached skill level 1 in Hexes
 18172 | D:11     | Reached skill level 8 in Air Magic
 18242 | D:12     | Found a frozen archway.
 18248 | IceCv    | Entered an ice cave
 18566 | IceCv    | Learned a level 3 spell: Volatile Blastmotes
 19179 | IceCv    | Reached XP level 12. HP: 76/85 MP: 22/29
 20551 | IceCv    | Reached ***** piety under Vehumet
 20573 | IceCv    | Offered knowledge of Conjure Ball Lightning by Vehumet.
 20601 | IceCv    | Learned a level 6 spell: Conjure Ball Lightning
 20605 | IceCv    | Learned a level 3 spell: Tukima's Dance
 20654 | IceCv    | Identified the staff of Yeast {rElec rF+ rN+ Will- Fire}
 21212 | D:12     | Identified the +6 dagger "Notasom" {flame, Str+5}
 21215 | D:12     | Noticed a two-headed ogre
 21219 | D:12     | Killed a two-headed ogre
 21486 | D:12     | Found a staircase to the Orcish Mines.
 22147 | D:12     | Found Uxtenec's Book Emporium.
 22177 | D:12     | Reached skill level 9 in Air Magic
 22421 | Lair:1   | Entered Level 1 of the Lair of Beasts
 22497 | Lair:1   | Noticed a five-headed hydra
 22766 | Lair:1   | Killed a five-headed hydra
 24225 | Lair:2   | Found a staircase to the Swamp.
 24284 | Lair:2   | Reached XP level 13. HP: 91/91 MP: 7/31
 24390 | Lair:2   | Reached skill level 15 in Spellcasting
 24390 | Lair:2   | Reached skill level 5 in Hexes
 24618 | Lair:2   | Learned a level 5 spell: Irradiate
 24663 | Lair:2   | Reached skill level 5 in Alchemy
 24780 | Lair:2   | Reached skill level 10 in Air Magic
 25398 | Lair:2   | Found a staircase to the Snake Pit.
 26215 | Lair:3   | Found a large runed translucent door.
 26215 | Lair:3   | Found a large runed translucent door.
 26216 | Lair:3   | Noticed AwFulAwFulPlayer's ghost (journeyman DgHu)
 26234 | Lair:3   | Killed AwFulAwFulPlayer's ghost
 26777 | Lair:4   | Offered knowledge of Spellforged Servitor by Vehumet.
 27524 | Lair:4   | Noticed Snorg
 27738 | Lair:4   | Killed Snorg
 28320 | Lair:4   | Found a staircase to the Slime Pits.
 28649 | Lair:5   | Entered Level 5 of the Lair of Beasts
 28722 | Lair:5   | Found a gate leading to a gauntlet.
 28731 | Gauntlet | Entered a Gauntlet
 28731 | Gauntlet | Found a transporter.
 28744 | Gauntlet | Found a transporter.
 28744 | Gauntlet | Found a transporter.
 28745 | Gauntlet | Found a transporter.
 28753 | Gauntlet | Found a transporter.
 28756 | Gauntlet | Found a transporter.
 28757 | Gauntlet | Found a transporter.
 28765 | Gauntlet | Found a transporter.
 28768 | Gauntlet | Found a transporter.
 28769 | Gauntlet | Found a transporter.
 28778 | Gauntlet | Found a transporter.
 28780 | Gauntlet | Found a transporter.
 28781 | Gauntlet | Found a transporter.
 28783 | Gauntlet | Noticed a blizzard demon
 28789 | Gauntlet | Found a transporter.
 29332 | Gauntlet | Reached XP level 14. HP: 88/99 MP: 14/34
 29418 | Gauntlet | Identified the -2 pair of gloves of Rationality {Str+4
                  | Int-2}
 31259 | Lair:4   | Reached skill level 11 in Air Magic
 31589 | Lair:5   | Identified a scroll of acquirement
 31607 | Lair:5   | Acquired a staff of air
 32630 | Lair:5   | Offered knowledge of Eringya's Noxious Bog by Vehumet.
 36029 | Lair:5   | Learned a level 5 spell: Yara's Violent Unravelling
 36430 | Lair:5   | Reached skill level 12 in Air Magic
 36853 | Lair:5   | Identified the +3 flail "Ico Nuy" {heavy, rElec Str+7
                  | Stlth-}
 37085 | Orc:1    | Entered Level 1 of the Orcish Mines
 37834 | Orc:2    | Entered Level 2 of the Orcish Mines
 37867 | Orc:2    | Found a dark tunnel.
 37895 | Volcano  | Entered a volcano
 38617 | Orc:2    | Found a staircase to the Elven Halls.
 38757 | Orc:2    | Noticed Jorgrun
 38768 | Orc:2    | Killed Jorgrun
 38769 | Orc:2    | Reached XP level 15. HP: 104/104 MP: 30/36
 38793 | Orc:2    | Noticed Josephine
 38796 | Orc:2    | Killed Josephine
 38825 | Orc:2    | Offered knowledge of Magnavolt by Vehumet.
 39278 | Orc:2    | Reached skill level 13 in Air Magic
 40831 | Orc:2    | Found Fuatetuh's Antique Weapon Shoppe.
 40831 | Orc:2    | Found Wingya Cybre's Magic Scroll Shop.
 40831 | Orc:2    | Found Goorch's Antique Armour Boutique.
 40834 | Orc:2    | Found Yntiti's Jewellery Emporium.
 40860 | Orc:2    | Bought the ring of Coobruag {rPois rF++ rC+ rN+ Stlth-} for
                  | 960 gold pieces
 40864 | Orc:2    | Bought an amulet of magic regeneration for 510 gold pieces
 40877 | Orc:2    | Bought a scroll of teleportation for 42 gold pieces
 40879 | Orc:2    | Bought a scroll of enchant armour for 105 gold pieces
 41043 | Orc:2    | Found a roughly hewn altar of Beogh.
 44153 | D:13     | Offered knowledge of Orb of Destruction by Vehumet.
 44847 | D:13     | Reached skill level 14 in Air Magic
 45431 | D:13     | Found a gate to the Vaults.
 45512 | D:13     | Found a shimmering blue altar of Sif Muna.
 45856 | D:14     | Noticed Nessos
 45913 | D:14     | Noticed Lodul
 46513 | D:14     | Killed Nessos
 47013 | D:14     | Killed Lodul
 47332 | D:14     | Found a portal to a secret trove of treasure.
 48836 | D:15     | Entered Level 15 of the Dungeon
 49086 | D:15     | Reached skill level 15 in Conjurations
 49721 | D:15     | Reached skill level 15 in Air Magic
 49884 | D:15     | Reached XP level 16. HP: 111/111 MP: 35/38
 50304 | D:14     | Learned a level 6 spell: Plasma Beam
 52486 | D:15     | Got Duudugg's Parchment of the Quickened Mountains
 52528 | D:15     | Noticed Roxanne
 52663 | D:15     | Noticed Omier's ghost (adept NaHu)
 52678 | D:15     | Found a transporter.
 52683 | D:15     | Found a transporter.
 52723 | D:15     | Found a staircase to the Depths.
 52888 | D:15     | Killed Roxanne
 53167 | Snake:1  | Entered Level 1 of the Snake Pit
 53802 | Snake:1  | Reached skill level 16 in Air Magic
 53805 | Snake:1  | Reached skill level 5 in Fire Magic
 56021 | Snake:2  | Upgraded the game from 0.32-a0-986-ga09f62fbf4 to
                  | 0.32-a0-995-gb4a59205af
 56175 | Snake:2  | Noticed hotsoup's ghost (journeyman NaCj)
 56185 | Snake:2  | Found a runed translucent gate.
 56185 | Snake:2  | Found a runed translucent gate.
 56185 | Snake:2  | Found a runed translucent gate.
 56196 | Snake:2  | Found a shimmering blue altar of Sif Muna.
 57353 | Snake:2  | Offered knowledge of Fireball by Vehumet.
 58513 | Snake:2  | Killed hotsoup's ghost
 59235 | Snake:3  | Reached skill level 17 in Air Magic
 61426 | Snake:3  | Found Kuitawea's Antique Weapon Boutique.
 61426 | Snake:3  | Found Tueqyh's Magic Scroll Shop.
 61849 | Snake:3  | Bought a scroll of teleportation for 51 gold pieces
 61849 | Snake:3  | Bought a scroll of enchant armour for 127 gold pieces
 61849 | Snake:3  | Bought a scroll of teleportation for 51 gold pieces
 64444 | Snake:3  | Reached XP level 17. HP: 102/116 MP: 35/39
 65450 | Snake:4  | Entered Level 4 of the Snake Pit
 66851 | Snake:4  | Reached skill level 18 in Air Magic
 67326 | Snake:4  | Identified the serpent talisman "Vyned" {Stlth+}
 67326 | Snake:4  | Noticed Aizul
 67331 | Snake:4  | Killed Aizul
 69006 | Snake:4  | Offered knowledge of Ignition by Vehumet.
 71378 | Snake:4  | Found an iron altar of Okawaru.
 71506 | Snake:4  | Got a serpentine rune of Zot
 71684 | Snake:4  | Found a runed translucent door.
 71685 | Snake:4  | Noticed Dumalacath's ghost (adept TrFi)
 72389 | Snake:4  | Killed Dumalacath's ghost
 72803 | Snake:4  | Reached skill level 1 in Shields
 73163 | Snake:4  | Reached skill level 10 in Fire Magic
 74665 | Orc:2    | Bought the amulet "Kill" {Acrobat rElec Will+ Stlth-} for
                  | 819 gold pieces
 74665 | Orc:2    | Bought a +6 ring of intelligence for 612 gold pieces
 74936 | Swamp:1  | Entered Level 1 of the Swamp
 74939 | Swamp:1  | Reached skill level 19 in Air Magic
 75310 | Swamp:1  | Reached XP level 18. HP: 123/123 MP: 30/40
 79936 | Swamp:1  | Glimpsed the power of Zot.
 80606 | Swamp:2  | Noticed Frances
 80615 | Swamp:2  | Killed Frances
 82595 | Swamp:4  | Entered Level 4 of the Swamp
 82730 | Swamp:4  | Noticed a tentacled monstrosity
 83291 | Swamp:4  | Killed a tentacled monstrosity
 83292 | Swamp:4  | Reached skill level 5 in Shields
 83661 | Swamp:4  | Reached skill level 20 in Air Magic
 84039 | Swamp:4  | Noticed Bai Suzhen
 85587 | Swamp:4  | Identified the +0 robe "Viosoptu" {Regen+ rCorr Str-4
                  | Archmagi}
 85608 | Swamp:4  | Noticed the 27-headed Lernaean hydra
 86010 | Swamp:3  | Killed the 27-headed Lernaean hydra
 86335 | Swamp:4  | Got a decaying rune of Zot
 86567 | Swamp:4  | Killed Bai Suzhen
 87040 | Vaults:1 | Entered Level 1 of the Vaults
 87257 | Vaults:1 | Reached XP level 19. HP: 108/128 MP: 38/41
 88512 | Vaults:1 | Found Veixuck's Book Emporium.
 88524 | Vaults:1 | Reached skill level 21 in Air Magic
 88632 | Vaults:1 | Found a runed translucent door.
 88632 | Vaults:1 | Noticed Hogocytz's ghost (adept MfIE)
 89851 | Vaults:2 | Reached ****** piety under Vehumet
 90125 | Vaults:2 | Offered knowledge of Fire Storm by Vehumet.
 90125 | Vaults:2 | Offered knowledge of Shatter by Vehumet.
 90125 | Vaults:2 | Offered knowledge of Chain Lightning by Vehumet.
 90871 | Vaults:2 | Found Nypopp's General Store.
 90882 | Vaults:2 | Bought a potion of heal wounds for 75 gold pieces
 90882 | Vaults:2 | Bought a scroll of blinking for 112 gold pieces
 91944 | Vaults:2 | Found a staircase to the Crypt.
 92853 | Vaults:3 | Reached skill level 22 in Air Magic
 92958 | Vaults:3 | Reached XP level 20. HP: 100/135 MP: 6/42
 94847 | Vaults:3 | Found a runed translucent door.
 95309 | Vaults:3 | Identified the amulet "Siawioj" {Reflect rN+ Str+8 SH+5}
 95621 | Vaults:4 | Learned a level 8 spell: Maxwell's Capacitive Coupling
 95848 | Vaults:4 | Reached skill level 10 in Shields
 96648 | Vaults:4 | Noticed an ancient lich
 96652 | Vaults:4 | Killed an ancient lich
 97582 | Vaults:4 | Identified the +7 sling of Fuhoj {elec, Dex+4 SInv}
 97850 | Vaults:4 | Identified the +6 plate armour "Laorawez" {-Tele Harm rElec
                  | Regen+}
 99435 | Vaults:5 | Entered Level 5 of the Vaults
 99521 | Vaults:4 | Learned a level 9 spell: Chain Lightning
 99527 | Vaults:5 | Reached XP level 21. HP: 125/141 MP: 43/43
 99604 | Vaults:5 | Noticed a dread lich
 99605 | Vaults:5 | Noticed a golden dragon
 99606 | Vaults:5 | Noticed a dread lich
 99773 | Vaults:4 | Killed a dread lich
 99911 | Vaults:5 | Killed a dread lich
 99912 | Vaults:5 | Killed a golden dragon
 99916 | Vaults:5 | Noticed an ancient lich
100549 | Vaults:5 | Killed an ancient lich
101785 | Vaults:5 | Noticed an ancient lich
102148 | Vaults:5 | Killed an ancient lich
102546 | Vaults:5 | Noticed a golden dragon
102550 | Vaults:5 | Killed a golden dragon
102945 | Vaults:5 | Got a silver rune of Zot
102989 | Vaults:5 | Reached XP level 22. HP: 110/148 MP: 44/44
103520 | Vaults:5 | Identified the maw talisman of Knowledge {rElec}
103676 | Vaults:5 | Reached XP level 23. HP: 154/154 MP: 35/45
104194 | Depths:1 | Entered Level 1 of the Depths
104210 | Depths:1 | You are sucked into a shaft and drop 1 floor!
104220 | Depths:2 | Reached skill level 23 in Air Magic
104224 | Depths:2 | Noticed Mara
104233 | Depths:2 | Found a one-way gateway to a ziggurat.
104352 | Depths:2 | Found Arghyisy's Magic Scroll Shoppe.
104517 | Depths:1 | Found Riet's Weapon Shoppe.
104809 | Depths:1 | Found Guiciugh's Weapon Shoppe.
105069 | Depths:1 | Noticed Asterion
105071 | Depths:1 | Killed Asterion
105274 | Depths:1 | Found Evofem's Book Boutique.
105568 | Depths:1 | Found Osiq's Antique Weapon Emporium.
105926 | Depths:1 | Found a gateway to Hell.
106099 | Depths:2 | Found a one-way gate leading to the halls of Pandemonium.
106102 | Depths:2 | Reached skill level 5 in Dodging
106554 | Depths:2 | Killed Mara
107946 | Depths:2 | Reached skill level 24 in Air Magic
108425 | Depths:2 | Found a runed translucent gate.
108425 | Depths:2 | Found a runed translucent gate.
108425 | Depths:2 | Found a runed translucent gate.
108524 | Depths:2 | Identified the staff of the Eggplant {rElec Will- Str+6
                  | Int-4 Stlth+ Air}
108618 | Depths:2 | Noticed Iqust's ghost (master MfRe)
109831 | Depths:3 | Found Big Baal Hell's Store.
110609 | Depths:3 | Reached skill level 25 in Air Magic
110609 | Depths:3 | Noticed a juggernaut
110613 | Depths:3 | Killed a juggernaut
110614 | Depths:3 | Reached XP level 24. HP: 160/160 MP: 32/45
110831 | Depths:3 | Found a one-way gate to the infinite horrors of the Abyss.
111233 | Depths:3 | Identified the +0 scale mail of the Stained God {Slay+3}
111364 | Depths:4 | Entered Level 4 of the Depths
112804 | Depths:4 | Reached skill level 26 in Air Magic
113672 | Depths:4 | Found a gate to the Realm of Zot.
114052 | Zot:1    | Entered Level 1 of the Realm of Zot
115879 | Zot:1    | Identified the amulet "Amyar" {Spirit +Blink rElec rCorr}
116741 | Zot:1    | Reached skill level 27 in Air Magic
117030 | Zot:1    | Reached skill level 10 in Dodging
117553 | Zot:1    | Reached XP level 25. HP: 162/166 MP: 29/45
122241 | Zot:4    | Acquired a book of Air
122249 | Zot:4    | Learned a level 3 spell: Swiftness
122378 | Zot:4    | Noticed Foeck's ghost (veteran TrCK)
122883 | Zot:4    | Identified the +0 flail of Pyorol {flame, rF+ Str+8 Dex-3}
123198 | Zot:4    | Found a runed translucent gate.
123198 | Zot:4    | Found a runed translucent gate.
123198 | Zot:4    | Found a runed translucent gate.
124344 | Zot:5    | Entered Level 5 of the Realm of Zot
124436 | Zot:5    | Killed from afar by a yellow draconian annihilator

Illustrated notes

Levels and vault maps discovered:
D:1:      saegor_arrival_simple_c, layout_loops_ring,
          nicolae_twisty_statue_hallways
D:2:      layout_rooms, hellmonk_ecumenical_altar_arch_garden, uniq_terence
D:3:      layout_loops_ring, mainiacjoe_overflow_alcove_1, eino_tiny_chamber
D:4:      layout_gridville, minmay_temple_entry_drinking_statues,
          portal_sewer_entry_f, chequers_garden, minivault_4,
          kennysheep_orc_chapel
D:5:      layout_rooms, grunt_gozag_statues, trog_butcher_becter
D:6:      layout_loops_ring, mainiacjoe_overflow_catwalk,
          nicolae_overflow_crystal_walls, minivault_19, uniq_maggie
D:7:      layout_basic, mainiacjoe_overflow_chevrons, xom_confusion_cloud
D:8:      layout_basic, enter_bailey_2
D:9:      kennysheep_blocky_hall, layout_basic, chequers_serial_rivers_large_b,
          dk_noncrumbling_3
D:10:     layout_loops_ring, lemuel_round_altar,
          mainiacjoe_overflow_six_doors_small, david_lair_shrubbed,
          uniq_maurice, uniq_erica
D:11:     minmay_spotlight, layout_basic, kennysheep_cross_room
D:12:     layout_basic, orc_0_dummy, serial_shops, shop,
          portal_ice_cave_entry_pillars_2, grunt_decor_junction
D:13:     layout_irregular_city, david_vaults_5, kennysheep_orc_sif_temple
D:14:     layout_long_grid, chequers_serial_rivers_micro_a,
          nicolae_trove_entry_path_of_doom, uniq_nessos, uniq_lodul
D:15:     hangedman_depths_entry_try_elsewhere_first, layout_cave_pools,
          gammafunk_ghost_arena, minmay_fractal_squares_diagonal_5, uniq_roxanne
Lair:1:   layout_roguey, infiniplex_staircase_pool_2
Lair:2:   layout_big_grid, swamp_mist, minmay_snake_entry_guardpost_large,
          serial_bayou_pond_a, pdpol_lair_cavern_descent, grunt_megastairs_4
Lair:3:   layout_chaotic_city, ebering_ghost_disaster_area, serial_bayou_shore_b
Lair:4:   layout_regular_city, dpeg_slime_entry_enclosed,
          kilobyte_rumbling_trees, uniq_snorg
Lair:5:   due_jungle_book, layout_loops_ring, gauntlet_entry_generic,
          bobbens_dragon_lair_wall
Swamp:1:  layout_basic_swamp, evilmike_swamp_ruin_house_5
Swamp:2:  layout_basic_swamp, evilmike_swamp_ruin_rubble_2, uniq_frances
Swamp:3:  layout_basic_swamp, hangedman_swamp_cone, swamp_pool_1_2,
          nicolae_swamp_decorative_isthmus
Swamp:4:  grunt_swamp_rune_castle, layout_basic_swamp, uniq_bai_suzhen
Snake:1:  layout_layer_cave, serial_bayou_shore_b
Snake:2:  layout_onion, gammafunk_ghost_split, basic_altar,
          nicolae_snake_gridmaze_big_u
Snake:3:  nicolae_cobra_stairs, layout_misc_corridors,
          serial_library_hellmonk_angled_corner, minmay_shoptagon
Snake:4:  grunt_snake_rune_serpentine_throne, layout_grid_shapes,
          gammafunk_ghost_grave, nicolae_snake_herptile_family_reunion,
          uniq_aizul
Orc:1:    layout_diamond_mine
Orc:2:    st_orc_rangers, layout_diamond_mine, nicolae_volcano_entry_hallway,
          lightli_church_of_beogh, uniq_josephine, uniq_jorgrun
Vaults:1: gammafunk_ghost_grave, vaults_standard_mumra_x, hangedman_vaults_maws,
          nicolae_vaults_tetromino_Z_2, vaults_dpeg_ring,
          ontoclasm_vaults_fault, layout_vaults_chaotic_city, serial_shops, shop
Vaults:2: nicolae_vaults_layer_cake_slice, hangedman_vaults_snaps,
          nicolae_vaults_gold_heap, ontoclasm_vaults_loading_screen,
          ontoclasm_vaults_claustrophobia, ontoclasm_vaults_shuriken,
          nicolae_vaults_closet_pinwheel_2, serial_library_hellmonk_open_cross,
          kb_rosetta, v_alt_pattern_6, nicolae_vaults_tangram_1,
          minmay_crypt_entry_simple_walls, layout_vaults_ring, serial_shops,
          nicolae_shop_advertising_works [nicolae_subvault_shop_adworks]
Vaults:3: vaults_room_pools, nicolae_vaults_house_1, nicolae_vaults_trapezoid_1,
          nicolae_vaults_network_square, nicolae_vaults_three_branches,
          v_misc_30, ontoclasm_vaults_chip, nicolae_vaults_tetromino_Z_2,
          vaults_room_fours, nicolae_vaults_specimen_jars,
          nicolae_vaults_oozy_zoo, nicolae_vaults_trapezoid_1,
          layout_vaults_quadrants
Vaults:4: st_quartered_hall, nicolae_vaults_spaceships, nicolae_vaults_meiosis,
          nicolae_vaults_little_squares_1, v_misc_29,
          nicolae_vaults_network_periphery, nicolae_vaults_tangram_2, v_misc_28,
          lightli_orcish_oven, nicolae_vaults_trapezoid_1,
          nicolae_vaults_storage_room_doors, v_alt_pattern_1,
          layout_vaults_maze_snakey
Vaults:5
Depths:1: layout_basic, serial_co_window_serial, co_window_corner_a,
          co_window_corner_a, co_window_of_opportunity_a, co_window_paths_a,
          co_window_corner_a, co_window_corner_ca, co_window_unsneaky_path_a,
          co_window_broadway_c, co_window_broadway_c, co_window_corner_cb,
          co_window_4corner_b, co_window_4corner_a, glass_columns_c,
          glass_columns_a, glass_columns_b, hell_entry, serial_shops,
          shop_statue, nicolae_shop_tiny_real_fake_doors, shop,
          nicolae_square_shop, kennysheep_generic_room_12, uniq_asterion
Depths:2: evilmike_marble_ring, layout_honeycomb, enter_ziggurat_d,
          serial_shops, shop, rand_demon_pan_entry_7, minmay_fountain_box,
          ebering_ghost_rock_garden, hell_entry, minivault_16,
          minmay_misc_feat_plants, minmay_misc_feat_roman,
          minmay_misc_feat_pillars, uniq_mara
Depths:3: minmay_nine_rooms, layout_cave_pools, hangedman_abyss_entry_splay,
          serial_library_regret_index_branch_corner,
          nicolae_hell_entry_big_baal_hell
Depths:4: grunt_zot_entry_gee_three, layout_cave_shapes, pan_entry,
          grunt_hell_horde
Zot:1:    lemuel_acid_trip, layout_onion
Zot:2:    layout_cathedral_of_symmetry, grunt_megastairs_5
Zot:3:    layout_misc_corridors, regret_index_zotdec_zees,
          regret_index_zotdec_onion_hex
Zot:4:    layout_concentric_octagons, gammafunk_ghost_split,
          regret_index_zotdec_banners
Zot:5:    layout_cathedral_of_symmetry, st_stairs_13, guppyfry_library_mini

Skill      XL: |  1  2  3  4  5  6  7  8  9 10 11 12 13 14 15 16 17 18 19 20 21 22 23 24 25 |
---------------+----------------------------------------------------------------------------+-----
Dodging        | 2 4 7 10 12 | 12.9
Stealth        | 2 3 |  3.4
Conjurations   | 5 6 7 8 9 10 11 12 13 15 16 19 21 22 23 25 | 25.5
Spellcasting   | 3 5 6 8 9 11 13 14 16 17 18 | 18.5
Staves         | 1 2 |  2.6
Air Magic      | 1 3 5 7 8 9 10 12 15 17 19 20 22 25 27 | 27.0
Fighting       | 1 2 |  2.0
Evocations     | 1 |  1.2
Alchemy        | 2 4 6 7 |  7.4
Fire Magic     | 1 3 7 10 12 14 | 14.1
Hexes          | 1 4 6 7 |  7.3
Shields        | 2 6 9 12 13 | 13.6
Maces & Flails | |  0.2

Action                     |  1- 3 |  4- 6 |  7- 9 | 10-12 | 13-15 | 16-18 | 19-21 | 22-24 | 25-27 || total
---------------------------+-------+-------+-------+-------+-------+-------+-------+-------+-------++-------
  Melee: Whip              |    10 |       |       |       |       |       |       |       |       ||    10
         Unarmed           |     5 |       |       |       |       |       |       |       |       ||     5
         Quarterstaff      |    13 |     3 |     5 |     5 |       |       |       |       |       ||    26
         Tailslap          |     1 |       |     1 |     8 |    18 |     1 |       |     1 |       ||    30
         Staff             |       |       |       |    24 |    80 |     3 |       |     1 |       ||   108
   Cast: Magic Dart        |    46 |    86 |    91 |   200 |   123 |     4 |     1 |       |       ||   551
         Searing Ray       |     6 |    27 |    63 |   143 |   116 |       |     3 |       |       ||   358
         Static Discharge  |       |       |    16 |    38 |       |       |       |       |       ||    54
         Mercury Vapours   |       |       |       |    81 |    48 |    10 |     1 |       |       ||   140
         Ignite Poison     |       |       |       |    19 |    16 |     7 |       |       |       ||    42
         Arcjolt           |       |       |       |    36 |   120 |    27 |    10 |       |       ||   193
         Fulminant Prism   |       |       |       |    16 |    48 |    14 |     2 |       |       ||    80
         Volatile Blastmot |       |       |       |    23 |     5 |       |       |       |       ||    28
         Conjure Ball Ligh |       |       |       |     3 |   175 |   199 |    85 |    44 |    10 ||   516
         Tukima's Dance    |       |       |       |     3 |    14 |     2 |       |       |       ||    19
         Iskenderun's Myst |       |       |       |     1 |     1 |       |       |       |       ||     2
         Irradiate         |       |       |       |       |    42 |    14 |    20 |     2 |       ||    78
         Yara's Violent Un |       |       |       |       |     4 |    10 |     6 |     2 |     2 ||    24
         Plasma Beam       |       |       |       |       |       |   254 |   264 |   178 |    43 ||   739
         Maxwell's Capacit |       |       |       |       |       |       |    18 |    63 |    11 ||    92
         Chain Lightning   |       |       |       |       |       |       |    40 |   103 |    98 ||   241
Ability: Nullifying Breath |       |       |     1 |     8 |     4 |     1 |       |     1 |       ||    15
  Evoke: Wand              |       |       |     2 |     3 |    13 |       |       |     1 |     1 ||    20
         Phantom mirror    |       |       |       |       |       |     2 |     2 |       |       ||     4
         Sack of spiders   |       |       |       |       |       |       |     1 |       |       ||     1
    Use: Scroll            |       |    16 |     6 |    11 |     9 |     4 |     7 |     8 |     2 ||    63
         Potion            |       |       |     1 |     2 |     2 |     3 |     1 |     1 |     5 ||    15
 Armour: Skin              |    22 |    10 |    65 |   280 |   531 |   450 |   285 |   238 |   171 ||  2052
  Dodge: Dodged            |    19 |    19 |    69 |   207 |   237 |    85 |    77 |    58 |    44 ||   815
  Block: Buckler           |       |       |       |    13 |   116 |    41 |    54 |    25 |    11 ||   260

Table legend: (Time is in decaauts)
 A = Elapsed time spent in this place.
 B = Non-inter-level travel time spent in this place.
 C = Inter-level travel time spent in this place.
 D = Time resting spent in this place.
 E = Time spent auto-exploring this place.
 F = Levels seen in this place.
 G = Mean time per level.
                   A        B        C        D        E       F      G
               +--------+--------+--------+--------+--------+-----+--------+
         Total | 124719 | 119455 |   5264 |  75237 |  25526 |  49 | 2545.3 |
       Dungeon |  29290 |  27615 |   1675 |  15765 |   7716 |  15 | 1952.7 |
          Lair |  13423 |  12623 |    800 |   7523 |   2658 |   5 | 2684.6 |
         Swamp |  11888 |  11391 |    497 |   8752 |   1342 |   4 | 2972.0 |
     Snake Pit |  20687 |  20418 |    269 |  16181 |   2716 |   4 | 5171.8 |
  Orcish Mines |   3588 |   3365 |    223 |   1322 |   1182 |   2 | 1794.0 |
        Vaults |  16941 |  15749 |   1192 |   8634 |   3536 |   5 | 3388.2 |
        Depths |  12136 |  11728 |    408 |   7057 |   2879 |   4 | 3034.0 |
           Zot |   8117 |   7918 |    199 |   3973 |   2589 |   5 | 1623.4 |
         Sewer |    748 |    748 |      0 |    350 |    281 |   1 |  748.0 |
        Bailey |   2522 |   2522 |      0 |   2093 |     92 |   1 | 2522.0 |
      Ice Cave |   2639 |   2639 |      0 |   1757 |    425 |   1 | 2639.0 |
       Volcano |    662 |    662 |      0 |    321 |     72 |   1 |  662.0 |
      Gauntlet |   2072 |   2072 |      0 |   1509 |     38 |   1 | 2072.0 |
               +--------+--------+--------+--------+--------+-----+--------+

Top non-repeatable levels by time:
 Snake:4: 8060 daAuts
 Snake:3: 6968 daAuts
Vaults:4: 5811 daAuts
    D:13: 5471 daAuts
 Swamp:1: 5131 daAuts
  Lair:5: 5086 daAuts
Depths:4: 4642 daAuts
 Snake:2: 4340 daAuts
    D:14: 3967 daAuts
 Swamp:3: 3630 daAuts
Vaults:3: 3453 daAuts
Depths:2: 3377 daAuts
Vaults:2: 3294 daAuts
   Zot:1: 2860 daAuts
     D:7: 2856 daAuts
